[Event "Titled Tuesday Blitz February 07 Early 2023"]
[White "Seo, Jung Min"]
[Black "Lobanov, Sergei"]
[WhiteFideId "1734687"]
[BlackFideId "24183750"]
[WhiteElo "2494"]
[BlackElo "2536"]
[Result "0-1"]
[Round "06"]
[TimeControl "180+2"]
[Date "2023.02.07"]
[WhiteClock "0:00:44"]
[BlackClock "0:01:11"]

1. Nc3 d5 2. d4 Nf6 3. Bg5 Nbd7 4. e3 c5 5. dxc5 e6 6. e4 Bxc5 7. exd5 Qb6 8. Qd2 O-O 9. O-O-O Nxd5 10. Nxd5 exd5 11. Qxd5 Bxf2 12. Nf3 Nc5 13. Be7 Be6 14. Qh5 Qa5 15. Bxc5 Bxc5 16. Qe5 Bxa2 17. Bd3 Rfe8 18. Qh5 Be3+ 0-1


[Site "https://www.chess.com"]

[Event "Titled Tuesday Blitz February 07 Early 2023"]
[White "Galchenko, Matvey"]
[Black "Tristan, Leonardo"]
[WhiteFideId "24175480"]
[BlackFideId "113816"]
[WhiteElo "2438"]
[BlackElo "2545"]
[Result "1-0"]
[Round "06"]
[TimeControl "180+2"]
[Date "2023.02.07"]
[WhiteClock "0:00:09"]
[BlackClock "0:00:34"]

1. e4 d5 2. exd5 Qxd5 3. Nc3 Qa5 4. d4 Nf6 5. Nf3 Bf5 6. Bc4 e6 7. Bd2 Bb4 8. O-O Nc6 9. a3 Bxc3 10. Bxc3 Qb6 11. a4 a5 12. Ne5 Nxe5 13. dxe5 Rd8 14. Qe1 Nd5 15. Bxa5 Qxb2 16. Bb5+ Kf8 17. c4 Nf4 18. Bxc7 Rd2 19. Bd6+ Kg8 20. Qe3 g5 21. c5 h6 22. Rad1 Rxd1 23. Rxd1 Kg7 24. h4 Kg6 25. Qd2 Qb3 26. Re1 Rg8 27. Re3 Qb1+ 28. Kh2 gxh4 29. Re1 Kh5 30. Rxb1 Rxg2+ 31. Kh1 Rg4 32. f3 Rg3 33. Qxf4 Bxb1 34. Qxf7+ Bg6 35. Qf4 Bf5 36. Be7 Rh3+ 37. Kg2 Rg3+ 38. Kf2 Rg5 39. Bxg5 hxg5 40. Qh2 h3 41. Kg3 g4 42. fxg4+ Bxg4 43. c6 bxc6 44. Bxc6 Kg5 45. Bf3 Bf5 46. Qd2+ Kg6 47. a5 h2 48. Kxh2 Be4 49. Bxe4+ Kh5 50. a6 Kg4 51. Bg2 Kf5 52. a7 Kg4 53. a8=Q Kf5 54. Qf3+ Kg6 55. Qg4+ Kf7 56. Qd7+ Kf8 57. Qgg7# 1-0


[Site "https://www.chess.com"]

[Event "Titled Tuesday Blitz February 07 Early 2023"]
[White "Averjanov, Alexey"]
[Black "Ahmadzada, Ahmad"]
[WhiteFideId "14109867"]
[BlackFideId "13413007"]
[WhiteElo "2399"]
[BlackElo "2488"]
[Result "0-1"]
[Round "06"]
[TimeControl "180+2"]
[Date "2023.02.07"]
[WhiteClock "0:00:02"]
[BlackClock "0:00:11"]

1. d4 Nf6 2. c4 Nc6 3. Nf3 e6 4. g3 Bb4+ 5. Nbd2 O-O 6. Bg2 Qe7 7. O-O a5 8. Nb1 b6 9. a3 Bd6 10. Nc3 Bb7 11. Nb5 Na7 12. Nxd6 cxd6 13. b3 a4 14. Rb1 Rfc8 15. Bf4 Be4 16. Rb2 d5 17. Nd2 Bxg2 18. Kxg2 Qxa3 19. Qb1 axb3 20. Rxb3 Qa4 21. cxd5 Nxd5 22. Be3 Nb5 23. Qd3 Nbc3 24. Rc1 Na2 25. Rxc8+ Rxc8 26. Ra3 Qc6 27. f3 Nab4 28. Qb1 Nc2 29. Rb3 Ncxe3+ 30. Kf2 Nc4 31. Ne4 f5 32. Ng5 Nd2 33. Qd3 Nxb3 34. Qxb3 Qc1 35. h4 Qd2 36. Qa4 Qe3+ 37. Kg2 Qxe2+ 38. Kh3 Ne3 39. Qxd7 Qg2# 0-1


[Site "https://www.chess.com"]

[Event "Titled Tuesday Blitz February 07 Early 2023"]
[White "Kilic, Eray"]
[Black "Manukyan, Sargis A."]
[WhiteFideId "44517173"]
[BlackFideId "13303970"]
[WhiteElo "2414"]
[BlackElo "2158"]
[Result "1-0"]
[Round "06"]
[TimeControl "180+2"]
[Date "2023.02.07"]
[WhiteClock "0:00:10"]
[BlackClock "0:00:07"]

1. e4 c5 2. Nf3 d6 3. d4 cxd4 4. Nxd4 Nf6 5. Nc3 g6 6. Be3 Bg7 7. Bc4 O-O 8. f3 Nc6 9. Bb3 Bd7 10. h4 Rc8 11. Qd2 Nxd4 12. Bxd4 b5 13. g4 a5 14. a4 b4 15. Ne2 e5 16. Be3 Be6 17. h5 Bxb3 18. cxb3 d5 19. hxg6 fxg6 20. g5 Nh5 21. Qxd5+ Qxd5 22. exd5 Rxf3 23. Bb6 Rc2 24. Rd1 Bf8 25. d6 Bxd6 26. Rxd6 Rxb2 27. Rh4 Rfxb3 28. Rc4 Ng3 29. Nxg3 Rxg3 30. Rc7 Rf3 31. Rd8+ Rf8 32. Rdd7 Rb1+ 33. Ke2 Rb2+ 34. Ke3 Rb3+ 35. Ke4 Rf4+ 36. Kxe5 Rf5+ 37. Ke6 Rb1 38. Rg7+ Kh8 39. Rxh7+ Kg8 40. Rcg7+ Kf8 41. Bd4 Re1+ 42. Kd6 Rd1 43. Rh8# 1-0


[Site "https://www.chess.com"]

[Event "Titled Tuesday Blitz February 07 Early 2023"]
[White "Avinash, Ramesh"]
[Black "Panesso Rivera, Henry"]
[WhiteFideId "45018340"]
[BlackFideId "4402707"]
[WhiteElo "2319"]
[BlackElo "2342"]
[Result "1-0"]
[Round "06"]
[TimeControl "180+2"]
[Date "2023.02.07"]
[WhiteClock "0:00:48"]
[BlackClock "0:00:07"]

1. e4 d6 2. Nc3 g6 3. h4 Nf6 4. Be2 h5 5. d4 c6 6. Nh3 Bxh3 7. Rxh3 Nbd7 8. Bg5 Qa5 9. Qd2 Bg7 10. Kf1 b5 11. Bd3 Qc7 12. Kg1 a6 13. a3 c5 14. dxc5 Qxc5 15. Re1 Rc8 16. Nd5 e6 17. Nxf6+ Nxf6 18. e5 dxe5 19. Bxg6 Nd5 20. Be4 f6 21. Bg6+ Ke7 22. b4 Qc4 23. Be3 Nxe3 24. Qxe3 f5 25. Bxf5 exf5 26. Qg5+ Kf7 27. Qxf5+ Kg8 28. Rg3 Rf8 29. Rxg7+ Kxg7 30. Qg5+ Kf7 31. Rxe5 Qg4 32. Re7# 1-0


[Site "https://www.chess.com"]

[Event "Titled Tuesday Blitz February 07 Early 2023"]
[White "Seemann, Jakub"]
[Black "Kukhmazov, Arsen"]
[WhiteFideId "21874697"]
[BlackFideId "24108260"]
[WhiteElo "2446"]
[BlackElo "2512"]
[Result "1/2-1/2"]
[Round "06"]
[TimeControl "180+2"]
[Date "2023.02.07"]
[WhiteClock "0:00:03"]
[BlackClock "0:00:06"]

1. c4 c6 2. Nf3 d5 3. e3 Nf6 4. Nc3 e6 5. b3 Bd6 6. Bb2 e5 7. cxd5 cxd5 8. Nb5 Nc6 9. Nxd6+ Qxd6 10. Bb5 e4 11. Nd4 O-O 12. Nxc6 bxc6 13. Be2 c5 14. d4 c4 15. bxc4 dxc4 16. Rc1 Rb8 17. Bc3 Ba6 18. O-O Nd5 19. Qa4 Rfc8 20. Ba1 Bb5 21. Qa5 Qb4 22. Qxa7 c3 23. Bxb5 Rxb5 24. Qd7 Qc4 25. Bxc3 Nxc3 26. Rxc3 Qxc3 27. Qxb5 h6 28. Qd5 Qd3 29. h3 Rc2 30. Rb1 Rxf2 31. Rb8+ Kh7 32. Kxf2 Qd2+ 33. Kf1 Qd1+ 34. Kf2 Qd2+ 35. Kg3 Qxe3+ 36. Kg4 Qe2+ 37. Kf4 Qf2+ 38. Ke5 Qg3+ 39. Kxe4 Qxb8 40. Qf5+ Kg8 41. Qe5 Qb1+ 42. Kf3 Qxa2 43. d5 Qb3+ 44. Kg4 f6 45. Qe8+ Kh7 46. Qe4+ Kg8 47. Qe6+ Kh7 48. h4 Qd1+ 49. Kh3 Qd3+ 50. Kh2 h5 51. d6 Kg6 52. Qe8+ Kf5 53. d7 Qd6+ 54. Kh1 Qd1+ 55. Kh2 Qd6+ 56. Kh3 Qd3+ 57. Kh2 Qd6+ 1/2-1/2


[Site "https://www.chess.com"]

[Event "Titled Tuesday Blitz February 07 Early 2023"]
[White "Orozbaev, Eldiar"]
[Black "Gjestemoen-VonHirsch, Andre"]
[WhiteFideId "13802240"]
[BlackFideId "1539531"]
[WhiteElo "2235"]
[BlackElo "2314"]
[Result "1-0"]
[Round "06"]
[TimeControl "180+2"]
[Date "2023.02.07"]
[WhiteClock "0:00:27"]
[BlackClock "0:00:07"]

1. e4 Nf6 2. e5 Nd5 3. d4 d6 4. Nf3 dxe5 5. Nxe5 c6 6. Be2 Bf5 7. O-O Nd7 8. Nxd7 Qxd7 9. a3 g6 10. c4 Nf6 11. Nc3 Bg7 12. Be3 O-O 13. Qb3 Qc7 14. h3 Ne4 15. Nxe4 Bxe4 16. Bd3 Bxd3 17. Qxd3 Rad8 18. Rfd1 c5 19. d5 Bxb2 20. Rab1 Bf6 21. Qe4 b6 22. Bf4 Qc8 23. Re1 Qf5 24. Qxf5 gxf5 25. Rb3 Kh8 26. Rf3 e6 27. dxe6 fxe6 28. Rxe6 Rde8 29. Rxe8 Rxe8 30. Bg3 Re1+ 31. Kh2 Kg7 32. Rxf5 Re4 33. Rf4 Re2 34. f3 Re3 35. Rg4+ Kf7 36. a4 Ra3 37. Rf4 Kg7 38. Rg4+ Kf7 39. Bh4 Bxh4 40. Rxh4 Kg6 41. Re4 Rxa4 42. g4 a6 43. Re6+ Kf7 44. Rxb6 Rxc4 45. Rxa6 Rc2+ 46. Kg3 c4 47. f4 c3 48. f5 Rc1 49. Rc6 Ke7 50. g5 Kf7 51. Kg2 Kg7 52. h4 Kf7 53. h5 Kg7 54. h6+ Kf7 55. g6+ hxg6 56. fxg6+ Kf8 57. h7 Kg7 58. Rc7+ Kh8 59. Rc8+ Kg7 60. h8=Q+ 1-0


[Site "https://www.chess.com"]

[Event "Titled Tuesday Blitz February 07 Early 2023"]
[White "Leiva, Gianmarco"]
[Black "Kollars, Dmitrij"]
[WhiteFideId "3804399"]
[BlackFideId "12909572"]
[WhiteElo "2392"]
[BlackElo "2607"]
[Result "0-1"]
[Round "06"]
[TimeControl "180+2"]
[Date "2023.02.07"]
[WhiteClock "0:00:01"]
[BlackClock "0:00:10"]

1. e4 c5 2. Nf3 Nc6 3. Bb5 g6 4. O-O Bg7 5. c3 e5 6. d4 cxd4 7. cxd4 exd4 8. Bf4 Nge7 9. Bd6 a6 10. Bc4 b5 11. Bd5 O-O 12. Nbd2 Bb7 13. Rc1 Rc8 14. Nb3 Re8 15. Nc5 Nxd5 16. Nxb7 Qb6 17. exd5 Na7 18. Bc5 Qxb7 19. Qb3 d3 20. Qxd3 Bxb2 21. Rc2 Bg7 22. Ng5 d6 23. Bxa7 Rxc2 24. Qxc2 Qxa7 25. Qc6 Qe7 26. h4 Bd4 27. Nf3 Bc5 28. Re1 Qxe1+ 29. Nxe1 Rxe1+ 30. Kh2 Re2 31. Qxa6 Rxf2 32. a3 Rb2 33. Qc8+ Kg7 34. Qa6 h5 35. a4 bxa4 36. Qxa4 Rb4 37. Qc6 Rxh4+ 38. Kg3 Re4 39. Kh2 Re5 40. Qb7 Re4 41. Kg3 Bd4 42. Kh2 Be5+ 43. Kg1 Rd4 44. Kf2 Rd3 45. Ke2 Rg3 46. Kf2 h4 47. Qb4 Rd3 48. Qxh4 Bg3+ 49. Qxg3 Rxg3 50. Kxg3 f5 51. Kf4 Kf6 52. g4 g5+ 0-1


[Site "https://www.chess.com"]

[Event "Titled Tuesday Blitz February 07 Early 2023"]
[White "Malek, Jan"]
[Black "Terry, Renato"]
[WhiteFideId "21864080"]
[BlackFideId "3803457"]
[WhiteElo "2370"]
[BlackElo "2520"]
[Result "1-0"]
[Round "06"]
[TimeControl "180+2"]
[Date "2023.02.07"]
[WhiteClock "0:00:09"]
[BlackClock "0:00:06"]

1. Nf3 d5 2. g3 Nf6 3. Bg2 c6 4. O-O Bf5 5. c4 e6 6. Qb3 Qb6 7. d3 Nbd7 8. Be3 Bc5 9. Bxc5 Nxc5 10. Qxb6 axb6 11. Nbd2 Na4 12. Rfb1 h6 13. Nd4 Bh7 14. f4 O-O 15. Bf3 Rfd8 16. Nc2 g5 17. Kf2 Kg7 18. Ne3 Nd7 19. Nd1 dxc4 20. Nxc4 b5 21. Nce3 gxf4 22. gxf4 Nf6 23. Rc1 Rd4 24. Nc2 Rxf4 25. e4 Nd7 26. Ke3 Rh4 27. b3 Nab6 28. Nf2 Ne5 29. h3 Nbd7 30. Be2 Nf6 31. Ne1 Kh8 32. Ng2 Ng6 33. Nxh4 Nxh4 34. Rg1 Ng6 35. Ng4 Ng8 36. Rgf1 Kg7 37. Rf2 b4 38. Raf1 Nh8 39. Bd1 f5 40. Ne5 Ne7 41. Rg2+ Nhg6 42. Bh5 Kf6 43. Nd7+ Kf7 44. Rfg1 f4+ 45. Kf3 Ra5 46. Bxg6+ Bxg6 47. Kxf4 Bh7 48. Ne5+ Kf6 49. Nd7+ Kf7 50. Rg7+ Ke8 51. Nf6+ Kf8 52. Nxh7+ Ke8 53. Nf6+ Kf8 54. Nd7+ Ke8 55. Ne5 Rxa2 56. Rh7 Rf2+ 57. Ke3 Rf8 58. Rgg7 1-0


[Site "https://www.chess.com"]

[Event "Titled Tuesday Blitz February 07 Early 2023"]
[White "Ajay, Karthikeyan"]
[Black "Paravyan, David"]
[WhiteFideId "35011685"]
[BlackFideId "4194985"]
[WhiteElo "2454"]
[BlackElo "2601"]
[Result "1-0"]
[Round "06"]
[TimeControl "180+2"]
[Date "2023.02.07"]
[WhiteClock "0:00:58"]
[BlackClock "0:01:27"]

1. Nf3 Nf6 2. b3 c5 3. Bb2 Nc6 4. e3 g6 5. d4 cxd4 6. exd4 d5 7. Be2 Bg7 8. O-O O-O 9. Nbd2 Bf5 10. a3 Rc8 11. c4 dxc4 12. bxc4 Ne4 13. Nb3 a5 14. Rc1 a4 15. Nbd2 Bh6 16. d5 Na5 17. Nxe4 Bxc1 18. Qxc1 f6 19. Qh6 Rf7 20. Ned2 b5 21. cxb5 Rc2 22. Bd4 Nb3 23. Be3 Qxd5 24. b6 g5 25. Rd1 Rc1 26. Rxc1 Nxc1 27. Bc4 Qc6 28. Bxf7+ Kxf7 29. Ne5+ 1-0


[Site "https://www.chess.com"]

[Event "Titled Tuesday Blitz February 07 Early 2023"]
[White "Indjic, Aleksandar"]
[Black "Taspinar, Yanki"]
[WhiteFideId "911925"]
[BlackFideId "34561188"]
[WhiteElo "2618"]
[BlackElo "2262"]
[Result "1-0"]
[Round "06"]
[TimeControl "180+2"]
[Date "2023.02.07"]
[WhiteClock "0:00:56"]
[BlackClock "0:00:16"]

1. e4 e5 2. Nf3 Nf6 3. Nc3 Nc6 4. d4 exd4 5. Nxd4 Bb4 6. Nxc6 bxc6 7. Bd3 O-O 8. O-O d5 9. exd5 cxd5 10. h3 c6 11. Qf3 Bd6 12. Bf4 Re8 13. Rfe1 Be6 14. b3 Bb4 15. Bd2 Ne4 16. Bxe4 dxe4 17. Qxe4 Qxd2 18. Qxb4 Qxc2 19. Re2 Qg6 20. Re3 Bd5 21. Rg3 Qf6 22. Rd1 Rad8 23. Qc5 Be6 24. Rgd3 Rxd3 25. Rxd3 Bf5 26. Rd6 Re1+ 27. Kh2 Qe7 28. Rxc6 Qxc5 29. Rxc5 Be6 30. Ra5 Rc1 31. Nb5 g5 32. Nd4 h6 33. Nxe6 fxe6 34. Rxa7 Rc2 35. f3 h5 36. b4 e5 37. b5 g4 38. hxg4 hxg4 39. Kg3 Rc3 40. Kxg4 e4 41. fxe4 Rc5 42. a4 Kf8 43. Kf4 Rxb5 44. axb5 Ke8 45. b6 Kd8 46. Rc7 Ke8 47. b7 Kf8 48. Ke5 Kg8 49. Kd6 Kf8 50. g4 Ke8 51. g5 Kf8 52. g6 Kg8 53. e5 Kf8 54. e6 Kg8 55. Rf7 Kh8 56. b8=Q# 1-0


[Site "https://www.chess.com"]

[Event "Titled Tuesday Blitz February 07 Early 2023"]
[White "Sychev, Klementy"]
[Black "Darini, Pouria"]
[WhiteFideId "4114060"]
[BlackFideId "12502200"]
[WhiteElo "2547"]
[BlackElo "2401"]
[Result "1-0"]
[Round "06"]
[TimeControl "180+2"]
[Date "2023.02.07"]
[WhiteClock "0:00:09"]
[BlackClock "0:00:05"]

1. e4 e5 2. Nf3 Nc6 3. Bb5 Nf6 4. O-O Nxe4 5. Re1 Nd6 6. a4 Be7 7. Nc3 O-O 8. d4 e4 9. Nxe4 Nxe4 10. Rxe4 d5 11. Re1 Bd6 12. Bg5 f6 13. Be3 Ne7 14. a5 c6 15. Bf1 a6 16. c4 Be6 17. b3 Qd7 18. h3 Rae8 19. Qc2 Bf5 20. Qc3 g5 21. b4 dxc4 22. Bxc4+ Nd5 23. Qb3 Kg7 24. Bf1 Bxb4 25. Bd2 Bd6 26. Rxe8 Rxe8 27. Ra2 Re7 28. Rb2 Bb8 29. Bxa6 Bf4 30. Bf1 Bxd2 31. Rxd2 Nf4 32. Rd1 Be6 33. Qb4 Bd5 34. Nh2 h5 35. Re1 Rxe1 36. Qxe1 Ne6 37. Qe3 Qc7 38. h4 g4 39. Bd3 Qf4 40. Nf1 Qxd4 41. Ng3 Qxe3 42. fxe3 Nc5 43. Bc2 Bf7 44. Nf5+ Kf8 45. Nd6 Bd5 46. e4 Ke7 47. Nf5+ Ke6 48. exd5+ cxd5 49. Ng7+ Ke5 50. Nxh5 d4 51. Kf2 d3 52. Bd1 Kd4 53. Nf4 Ne4+ 54. Ke1 f5 55. h5 Ke3 56. Nd5+ Kd4 57. h6 Ng5 58. Ne7 Ke3 59. Nxf5+ Kf4 60. Ne7 Nf7 61. h7 Ke3 62. Nd5+ Kd4 63. Nf6 Ke3 64. Nxg4+ Kf4 65. Kd2 b5 66. axb6 Kg5 67. b7 1-0


[Site "https://www.chess.com"]

[Event "Titled Tuesday Blitz February 07 Early 2023"]
[White "Bok, Benjamin"]
[Black "Akobian, Varuzhan"]
[WhiteFideId "1017063"]
[BlackFideId "13300580"]
[WhiteElo "2607"]
[BlackElo "2591"]
[Result "1-0"]
[Round "06"]
[TimeControl "180+2"]
[Date "2023.02.07"]
[WhiteClock "0:00:40"]
[BlackClock "0:00:04"]

1. c4 e6 2. g3 d5 3. Bg2 Nf6 4. Nf3 dxc4 5. Qa4+ Bd7 6. Qxc4 c5 7. d4 Nc6 8. O-O cxd4 9. Nxd4 Rc8 10. Nc3 a6 11. Rd1 Nxd4 12. Qxd4 Bc5 13. Qh4 Qb6 14. Bg5 Be7 15. Ne4 Nxe4 16. Bxe4 Bxg5 17. Qxg5 Qxb2 18. Rab1 Qf6 19. Qxf6 gxf6 20. Bxb7 Rc7 21. Bxa6 Ke7 22. Bb5 Bxb5 23. Rxb5 Ra8 24. Rd2 f5 25. Rb4 Kf6 26. a4 Rc1+ 27. Kg2 Ra1 28. Rdd4 h6 29. e3 Ra2 30. Rf4 Kg6 31. g4 fxg4 32. Rxg4+ Kf6 33. Rbf4+ Ke7 34. Rg7 Rf8 35. Rh7 h5 36. Rxh5 f5 37. Rh7+ Kf6 38. Rh6+ Ke5 39. Rb4 Rd8 40. Rb5+ Rd5 41. Rxd5+ Kxd5 42. Rh4 e5 43. Rb4 1-0


[Site "https://www.chess.com"]

[Event "Titled Tuesday Blitz February 07 Early 2023"]
[White "Dong, Bao Nghia"]
[Black "Chigaev, Maksim"]
[WhiteFideId "12400343"]
[BlackFideId "4108116"]
[WhiteElo "2332"]
[BlackElo "2628"]
[Result "0-1"]
[Round "06"]
[TimeControl "180+2"]
[Date "2023.02.07"]
[WhiteClock "0:01:08"]
[BlackClock "0:02:18"]

1. d4 Nf6 2. Nf3 g6 3. g3 Bg7 4. Bg2 O-O 5. O-O d6 6. b3 e5 7. Bb2 e4 8. Nfd2 d5 9. e3 h5 10. c4 c6 11. Nc3 Re8 12. Rc1 Bg4 13. Qc2 Qd7 14. cxd5 cxd5 15. Na4 Nc6 16. Nc5 Qe7 17. Nxb7 Nb4 18. Qc7 Nd3 19. Nd6 Nxb2 20. Nxe8 Qxe8 21. h3 Be6 22. f3 exf3 23. Nxf3 Nd3 24. Rcd1 Nb4 25. Qa5 Nc6 26. Qd2 Ne4 27. Qe1 a5 28. Rc1 Nb4 29. Rd1 Rc8 30. Nd2 Nc2 31. Qe2 Nxg3 32. Qf3 Nxf1 33. Nxf1 Bf5 34. Qxd5 Nxe3 35. Nxe3 Qxe3+ 36. Kh1 Rc1 0-1


[Site "https://www.chess.com"]

[Event "Titled Tuesday Blitz February 07 Early 2023"]
[White "Vokhidov, Shamsiddin"]
[Black "Alex_Sahakyan2006"]
[WhiteFideId "14204223"]
[WhiteElo "2586"]
[BlackElo "2712"]
[Result "0-1"]
[Round "06"]
[TimeControl "180+2"]
[Date "2023.02.07"]
[WhiteClock "0:00:29"]
[BlackClock "0:00:08"]

1. a4 e5 2. e4 Nf6 3. Nc3 Bb4 4. Nf3 Nc6 5. Nd5 Bc5 6. c3 Nxe4 7. d4 exd4 8. Bd3 O-O 9. O-O f5 10. cxd4 Be7 11. Re1 d6 12. Bxe4 fxe4 13. Rxe4 Bf5 14. Re1 Bf6 15. Qb3 Kh8 16. Nxf6 Qxf6 17. Qxb7 Nxd4 18. Nxd4 Qxd4 19. Be3 Qg4 20. f3 Qg6 21. Bc5 dxc5 22. Qxc7 h6 23. Qxc5 Rac8 24. Qb4 Bh3 25. Re2 Rxf3 26. Kh1 Qf5 27. Rg1 Rf1 28. gxh3 Qf3+ 29. Rg2 Rxg1+ 30. Kxg1 Rc1+ 0-1


[Site "https://www.chess.com"]

[Event "Titled Tuesday Blitz February 07 Early 2023"]
[White "Urazayev, Arystanbek"]
[Black "Dimitrov, Atanas"]
[WhiteFideId "13709810"]
[BlackFideId "2901315"]
[WhiteElo "2460"]
[BlackElo "2269"]
[Result "1-0"]
[Round "06"]
[TimeControl "180+2"]
[Date "2023.02.07"]
[WhiteClock "0:00:46"]
[BlackClock "0:00:05"]

1. e4 c5 2. Nf3 d6 3. d4 cxd4 4. Nxd4 Nf6 5. Nc3 g6 6. Bc4 Bg7 7. O-O O-O 8. h3 Nc6 9. Nf3 Bd7 10. Bg5 Rc8 11. Re1 a6 12. Bb3 Na5 13. e5 dxe5 14. Nxe5 Bf5 15. Qf3 Nxb3 16. cxb3 Qc7 17. Rac1 Qb8 18. Bf4 Qa7 19. Be3 Qb8 20. Bb6 Rfe8 21. a4 Nd7 22. Nxd7 Bxd7 23. Nd5 Rxc1 24. Rxc1 Bc6 25. Rd1 Kh8 26. Qxf7 Qe5 27. Bd4 Qxd4 28. Rxd4 Bxd4 29. Nc7 Rc8 30. Qxe7 Bxb2 31. h4 Bg7 32. Ne6 Be5 33. Ng5 Bg7 34. Qe6 Re8 35. Nf7+ Kg8 36. Nh6+ 1-0


[Site "https://www.chess.com"]

[Event "Titled Tuesday Blitz February 07 Early 2023"]
[White "Belozerov, Andrei"]
[Black "Ter-Sahakyan, Samvel"]
[WhiteFideId "4120213"]
[BlackFideId "13302531"]
[WhiteElo "2461"]
[BlackElo "2617"]
[Result "0-1"]
[Round "06"]
[TimeControl "180+2"]
[Date "2023.02.07"]
[WhiteClock "0:00:02"]
[BlackClock "0:00:05"]

1. e4 c5 2. Nf3 Nc6 3. Bb5 e5 4. O-O Bd6 5. c3 a6 6. Ba4 b5 7. Bc2 Nge7 8. a4 b4 9. d4 bxc3 10. dxe5 cxb2 11. Bxb2 Bc7 12. Na3 O-O 13. Nc4 Rb8 14. Bc3 Ng6 15. Nd6 Ba5 16. Qd2 Bb4 17. Rad1 Ncxe5 18. Nxe5 Nxe5 19. f4 Nc6 20. e5 Nd4 21. Bd3 Qh4 22. Rde1 Bxc3 23. Qxc3 Rb3 24. Qd2 Bb7 25. Re3 g6 26. Rh3 Qg4 27. Rg3 Qe6 28. f5 Qxe5 29. fxg6 fxg6 30. Bc4+ Bd5 31. Rxf8+ Kxf8 32. Bxb3 Bxb3 33. Qf2+ Kg7 34. Nc8 Ne2+ 35. Kh1 Nxg3+ 36. hxg3 Be6 37. a5 c4 38. Nb6 c3 39. Qc2 Qh5+ 40. Kg1 Qxa5 41. Qf2 Qe5 0-1


[Site "https://www.chess.com"]

[Event "Titled Tuesday Blitz February 07 Early 2023"]
[White "EREBUNI91"]
[Black "Remizov, Yaroslav"]
[BlackFideId "34134015"]
[WhiteElo "2666"]
[BlackElo "2421"]
[Result "0-1"]
[Round "06"]
[TimeControl "180+2"]
[Date "2023.02.07"]
[WhiteClock "0:00:14"]
[BlackClock "0:00:29"]

1. e4 c6 2. d4 d5 3. Nc3 dxe4 4. Nxe4 Bf5 5. Ng3 Bg6 6. h4 h6 7. Nf3 e6 8. h5 Bh7 9. Bd3 Bxd3 10. Qxd3 Nf6 11. Bd2 c5 12. O-O-O Qd5 13. c4 Qd7 14. d5 Nc6 15. Qe3 Nd4 16. Bc3 Qa4 17. Nxd4 cxd4 18. Qxd4 O-O-O 19. Kb1 exd5 20. cxd5 Qxd4 21. Rxd4 Rxd5 22. Rhd1 Rxd4 23. Bxd4 Nd7 24. Nf5 f6 25. Re1 Kd8 26. Re3 b6 27. Rg3 Rh7 28. Kc2 Ke8 29. Kd3 Kf7 30. Ke4 Bc5 31. Kd5 Bxd4 32. Nxd4 Rh8 33. Kc6 Nc5 34. Nf5 Rg8 35. b4 Rc8+ 36. Kd6 Ne4+ 37. Kd7 Nxg3 38. Nd6+ Kf8 39. Nxc8 Nxh5 40. Nxa7 Nf4 41. b5 Nxg2 42. Kc6 h5 43. Kxb6 h4 44. Kc7 h3 45. b6 h2 46. b7 h1=Q 47. b8=Q+ Kf7 48. Nc6 Nf4 49. Nd8+ Kg6 50. Qb4 Nd5+ 0-1


[Site "https://www.chess.com"]

[Event "Titled Tuesday Blitz February 07 Early 2023"]
[White "Krzyzanowski, Marcin"]
[Black "Kononenko, Dmitry"]
[WhiteFideId "1132199"]
[BlackFideId "14113538"]
[WhiteElo "2512"]
[BlackElo "2256"]
[Result "1-0"]
[Round "06"]
[TimeControl "180+2"]
[Date "2023.02.07"]
[WhiteClock "0:02:53"]
[BlackClock "0:02:17"]

1. Nf3 c5 2. g3 Nc6 3. Bg2 g6 4. d4 cxd4 5. Nxd4 Bg7 6. Nb3 d6 7. O-O Bd7 8. c4 Qc8 9. Nc3 Bh3 10. Nd5 Kf8 11. e4 h5 12. Bxh3 Qxh3 13. Nf4 Qd7 14. c5 h4 15. cxd6 exd6 16. Nc5 Qc7 17. Nce6+ fxe6 18. Nxe6+ 1-0


[Site "https://www.chess.com"]

[Event "Titled Tuesday Blitz February 07 Early 2023"]
[White "Gascon Del Nogal, Jose Rafael"]
[Black "Gharibyan, Mamikon"]
[WhiteFideId "3902463"]
[BlackFideId "13308300"]
[WhiteElo "2459"]
[BlackElo "2500"]
[Result "1-0"]
[Round "06"]
[TimeControl "180+2"]
[Date "2023.02.07"]
[WhiteClock "0:00:21"]
[BlackClock "0:00:49"]

1. e4 g6 2. d4 Bg7 3. Nc3 a6 4. Nf3 b5 5. Be2 Bb7 6. a3 d6 7. O-O Nd7 8. Re1 e5 9. d5 Ne7 10. a4 b4 11. Na2 a5 12. c3 bxc3 13. Nxc3 O-O 14. Bb5 h6 15. Nd2 f5 16. f3 f4 17. Nc4 g5 18. Bd2 Nb6 19. Nxb6 cxb6 20. Be2 h5 21. Nb5 Rf7 22. Rc1 Ng6 23. Rc3 Rc8 24. Qc2 Rc5 25. Rxc5 bxc5 26. Qc3 g4 27. fxg4 Nh4 28. Rf1 Bf8 29. Be1 hxg4 30. Bxg4 Rg7 31. Be6+ Kh8 32. Qh3 Be7 33. g3 c4 34. Kh1 Qf8 35. gxh4 Qf6 36. Nc7 Qh6 37. Bf5 Bf6 38. Ne6 Rg8 39. Qf3 c3 40. bxc3 Ba6 41. Rg1 Rxg1+ 42. Kxg1 Bxh4 43. Qh3 Bf2+ 44. Bxf2 Qxh3 45. Bxh3 Bb5 46. axb5 a4 47. b6 a3 48. b7 a2 49. b8=Q+ Kh7 50. Qa7+ 1-0


[Site "https://www.chess.com"]

[Event "Titled Tuesday Blitz February 07 Early 2023"]
[White "Shuvalova, Polina"]
[Black "Aitbayev, Aslan"]
[WhiteFideId "24171760"]
[BlackFideId "13704613"]
[WhiteElo "2484"]
[BlackElo "2427"]
[Result "1-0"]
[Round "06"]
[TimeControl "180+2"]
[Date "2023.02.07"]
[WhiteClock "0:00:05"]
[BlackClock "0:00:08"]

1. e4 d6 2. d4 g6 3. Nc3 Bg7 4. Be3 a6 5. Nf3 b5 6. h4 Nf6 7. e5 Ng4 8. Bf4 h5 9. a4 b4 10. Ne4 Bb7 11. Bd3 Nc6 12. Qe2 dxe5 13. dxe5 Ngxe5 14. Bxe5 Nxe5 15. Nxe5 Bxe5 16. Nc5 Bxb2 17. Nxb7 Qc8 18. Rb1 Bc3+ 19. Kf1 Qxb7 20. Be4 c6 21. Qc4 Rc8 22. Qxc3 O-O 23. Rxb4 Qc7 24. Rc4 c5 25. g3 Rfd8 26. Kg2 Rd6 27. Rb1 Qd7 28. Rb7 Qe6 29. Bf3 Rcd8 30. Re4 Qf5 31. Rexe7 Rf6 32. Qe3 Rd4 33. Re8+ Kg7 34. Rbb8 Re6 35. Rxe6 Qxe6 36. Qxe6 fxe6 37. Rb6 Rxa4 38. Rxe6 Kf7 39. Rc6 a5 40. Rxc5 Ra3 41. Rc7+ Kf6 42. Rc6+ Kf5 43. c4 a4 44. Ra6 Ra1 45. c5 Ke5 46. c6 Kd6 47. Ra7 a3 48. c7 Kd7 49. Bd5 Rc1 50. Rxa3 Rxc7 51. Be4 Ke7 52. Bxg6 Kf6 53. Bxh5 1-0


[Site "https://www.chess.com"]

[Event "Titled Tuesday Blitz February 07 Early 2023"]
[White "Iskusnyh, Sergei"]
[Black "Postny, Evgeny"]
[WhiteFideId "4120027"]
[BlackFideId "2804344"]
[WhiteElo "2440"]
[BlackElo "2549"]
[Result "0-1"]
[Round "06"]
[TimeControl "180+2"]
[Date "2023.02.07"]
[WhiteClock "0:00:11"]
[BlackClock "0:00:10"]

1. d4 d5 2. c4 c6 3. Nf3 Nf6 4. e3 Bg4 5. h3 Bxf3 6. Qxf3 e6 7. Bd3 Nbd7 8. Nc3 Bd6 9. cxd5 cxd5 10. O-O O-O 11. Bd2 a6 12. Rfc1 Qe7 13. e4 dxe4 14. Nxe4 Nd5 15. Bg5 f6 16. Bd2 Rad8 17. Re1 Rfe8 18. Qh5 Nf8 19. Bc4 Qf7 20. Qf3 Bb8 21. Ba5 b6 22. Bd2 b5 23. Bb3 Nd7 24. Rac1 Rc8 25. Nc5 Nxc5 26. dxc5 Be5 27. Rc2 Red8 28. Ba5 Rd7 29. c6 Rd6 30. c7 g6 31. Rec1 Kg7 32. Rc6 Rxc6 33. Rxc6 Qd7 34. Rc2 Bxc7 35. g3 Bxa5 36. Rxc8 Qxc8 37. Bxd5 exd5 38. Qxd5 Qc7 39. h4 Bb6 40. Kg2 h5 41. Qe6 a5 42. Qd5 b4 43. b3 Bc5 44. Qe6 Bd6 45. Qd5 Be5 46. Qe6 Qb7+ 47. Kg1 Bc3 48. Qc4 Qa7 49. a4 Be1 50. Qe2 Bxf2+ 51. Qxf2 Qxf2+ 52. Kxf2 Kf7 53. Ke3 Ke6 54. Kd4 g5 55. Ke4 f5+ 56. Kd4 Kf6 57. Kd5 f4 58. gxf4 gxh4 59. Ke4 h3 60. Kf3 Kf5 61. Kg3 h2 62. Kxh2 Kxf4 63. Kh3 Ke4 64. Kh4 Kd4 0-1


[Site "https://www.chess.com"]